 Dungeon Crawl Stone Soup version 0.27-a0-448-gace5c5693b (webtiles) character file.

Game seed: 11950664943120261448

203 hehateme the Chopper (level 5, 0/73 HPs)
             Began as a Palentonga Monk on Feb 27, 2021.
             Succumbed to a killer bee's poison
             ... on level 3 of the Dungeon.
             The game lasted 00:03:47 (2831 turns).

hehateme the Chopper (Palentonga Monk)              Turns: 2831, Time: 00:03:47

Health: 0/73       AC: 22    Str: 21    XL:     5   Next: 51%
Magic:  5/5        EV:  1    Int: 10    God:
Gold:   115        SH:  0    Dex: 13    Spells: 4/4 levels left

rFire    . . .     SeeInvis +   a - +0 hand axe
rCold    . . .     Faith    .   (no shield)
rNeg     + + +     Spirit   .   (armour currently unavailable)
rPois    +         Reflect  .   (helmet currently unavailable)
rElec    .         Harm     .   (cloak currently unavailable)
rCorr    .         Rampage  .   (gloves currently unavailable)
Will     .....     NoTele   +   (no barding)
Stlth    ++........             (no amulet)
HPRegen  0.22/turn              h - +6 ring of strength
MPRegen  0.09/turn              (no ring)

@: mighty, lethally poisoned (0 -> -15), tree-form
A: large, rugged brown scales 3, see invisible
a: no special abilities


You were on level 3 of the Dungeon.
You were a tree.
You visited 1 branch of the dungeon, and saw 3 of its levels.

You collected 115 gold pieces.

Inventory:

Hand Weapons
 a - a +0 hand axe (weapon)
Missiles
 d - 16 sling bullets
 g - 105 stones (quivered)
 l - 19 bolts
 t - 2 javelins
 Q - 13 arrows
Armour
 b - a +0 robe
 e - a +0 ring mail
 q - a +0 chain mail (melded)
Jewellery
 h - a +6 ring of strength (left branch)
 k - a +4 ring of slaying
 m - a ring of ice {rC+, rF-}
Scrolls
 c - a scroll of immolation {unknown}
 f - a scroll of fear
 i - 4 scrolls of identify
 n - a scroll of random uselessness {unknown}
 p - a scroll of teleportation {unknown}
 s - a scroll of amnesia
 u - a scroll of noise {unknown}
Potions
 o - a potion of might


   Skills:
 + Level 4.3 Fighting
 * Level 5.4 Axes
 - Level 2.4 Dodging
 - Level 1.2 Stealth


You had 4 spell levels left.
You didn't know any spells.
Your spell library was empty.

Dungeon Overview and Level Annotations

Branches:
Dungeon (3/15)

Altars:
Fedhas
Qazlal
Sif Muna
Uskayaw
Xom
Zin


Innate Abilities, Weirdness & Mutations

(You are completely covered in rugged brown scales. (AC +3, +7% HP))
You have supernaturally acute eyesight. (SInv)
((Armour fits poorly on your strangely shaped body.))
((You can roll at nearby foes to attack.))
((You have a long armoured tail.))


Message History

You take 2 damage, and have 38/49 hp.
You completely miss the killer bee.
You feel sick. The killer bee stings you. x2
You take 9 damage, and have 29/49 hp.
You barely miss the killer bee.
You feel sick. The killer bee stings you. x2
* * * LOW HITPOINT WARNING * * *
You take 8 damage, and have 21/49 hp.
You hit the killer bee but do no damage.
You feel sick. The killer bee stings you.
* * * LOW HITPOINT WARNING * * *
You are lethally poisoned!
The killer bee poisons you! The killer bee barely misses you.
You take 4 damage, and have 17/49 hp.
It was a potion of might.
You feel very mighty all of a sudden.
* * * LOW HITPOINT WARNING * * *
You feel sick. The killer bee stings you.
* * * LOW HITPOINT WARNING * * *
The killer bee stings you.
* * * LOW HITPOINT WARNING * * *
You take 9 damage, and have 8/49 hp.
It was a potion of flight.
You feel very buoyant.
You fly up into the air.
* * * LOW HITPOINT WARNING * * *
You feel sick. The killer bee stings you.
* * * LOW HITPOINT WARNING * * *
The killer bee closely misses you.
You take 5 damage, and have 3/49 hp.
Really quaff
j - a potion of lignification {!q}?
Really quaff the potion of lignification?
You turn into a tree.
Your +0 chain mail melds into your body.
Your roots penetrate the ground.
* * * LOW HITPOINT WARNING * * *
You feel sick. The killer bee stings you.
* * * LOW HITPOINT WARNING * * *
You now have 2/73 hp.
You miss the killer bee.
Your attack snaps the killer bee out of its fear.
You die...

######...########.###.........#.#
....######.#.# #.........#.#
..#.........#.# #.........#.#
..#.........#.# #.........#.# ..
.........#.# #.........#.#
#..^......#.# #.........#.#
#.........#.# #.........#.#
#.........#.###.........#'#
#.......yy♣........#'###.).
#........##.########.# #...
#........'..# #.# #...
#..y....###### #.# #...
####........... #.# #..>
#.#########+ #.###... #.#
#.#..... #.# #.#.#### #.# #.#

Skill      XL: |  1  2  3  4 |
---------------+-------------+-----
Axes           | 4 5 |  5.4
Fighting       | 4 |  4.3
Dodging        | |  2.4
Stealth        | |  1.2

Notes
Turn   | Place    | Note
-------+----------+-------------------------------------------
     0 | D:1      | hehateme the Palentonga Monk began the quest for the Orb.
     0 | D:1      | Reached XP level 1. HP: 20/20 MP: 1/1
   166 | D:1      | Reached XP level 2. HP: 21/27 MP: 2/2
  1023 | D:2      | Reached XP level 3. HP: 33/33 MP: 3/3
  1103 | D:2      | Reached skill level 4 in Axes
  1364 | D:2      | Reached XP level 4. HP: 41/42 MP: 4/4
  2005 | D:3      | Reached skill level 4 in Fighting
  2005 | D:3      | Reached skill level 5 in Axes
  2128 | D:3      | Reached XP level 5. HP: 47/49 MP: 5/5
  2550 | D:3      | Found a shimmering altar of Xom.
  2562 | D:3      | Found a blossoming altar of Fedhas.
  2562 | D:3      | Found a hide-covered altar of Uskayaw.
  2565 | D:3      | Found a stormy altar of Qazlal.
  2565 | D:3      | Found a shimmering altar of Xom.
  2565 | D:3      | Found a shimmering blue altar of Sif Muna.
  2753 | D:3      | Found a glowing silver altar of Zin.
  2753 | D:3      | Noticed an angel
  2828 | D:3      | HP: 12/49 [killer bee (4)]
  2829 | D:3      | HP: 3/49 [killer bee (4)]
  2831 | D:3      | Succumbed to a killer bee's poison

Table legend: (Time is in decaauts)
 A = Elapsed time spent in this place.
 B = Non-inter-level travel time spent in this place.
 C = Inter-level travel time spent in this place.
 D = Time resting spent in this place.
 E = Time spent auto-exploring this place.
 F = Levels seen in this place.
 G = Mean time per level.
                   A        B        C        D        E       F      G
               +--------+--------+--------+--------+--------+-----+--------+
         Total |   2850 |   2750 |    100 |    107 |   2131 |   3 |  950.0 |
       Dungeon |   2850 |   2750 |    100 |    107 |   2131 |   3 |  950.0 |
               +--------+--------+--------+--------+--------+-----+--------+

Top non-repeatable levels by time:
     D:1: 1006 daAuts
     D:2: 950 daAuts
     D:3: 893 daAuts

Table legend:
 A = Kills in this place as a percentage of kills in entire the game.
 B = Kills by you in this place as a percentage of kills by you in the entire game.
 C = Kills by friends in this place as a percentage of kills by friends in the entire game.
 D = Other kills in this place as a percentage of other kills in the entire game.
 E = Experience gained in this place as a percentage of experience gained in the entire game.
 F = Experience gained in this place divided by the number of levels of this place that you have seen.
                   A       B       C       D       E      F
               +-------+-------+-------+-------+-------+----------------------
         Total | 100.0 | 100.0 |   N/A |   N/A | 100.0 |  97.0
       Dungeon | 100.0 | 100.0 |   N/A |   N/A | 100.0 |  97.0
               +-------+-------+-------+-------+-------+----------------------

Action                   |  1- 3 |  4- 6 || total
-------------------------+-------+-------++-------
Melee: Hand axe          |    73 |   117 ||   190
       Tailslap          |    12 |    15 ||    27
Throw: Stone             |     7 |    36 ||    43
  Use: Scroll            |       |     3 ||     3
       Potion            |       |     3 ||     3
Armor: Robe              |     1 |       ||     1
       Ring mail         |    31 |    11 ||    42
       Chain mail        |       |    52 ||    52
Dodge: Dodged            |    39 |    44 ||    83

Vanquished Creatures
  An orc priest (D:3)
  A bullfrog skeleton (D:3)
  6 adders
  An ooze (D:2)
  A worm (D:2)
  2 dart slugs
  2 leopard geckos
  5 orcs (D:3)
  A ball python (D:1)
  3 giant cockroaches
  7 goblins
  8 hobgoblins
  7 jackals
  7 bats
  6 frilled lizards
  6 kobolds
  7 rats
71 creatures vanquished. You could see 3 killer bees.

Levels and vault maps discovered:
D:1:      nicolae_arrival_memento_mori, layout_basic, minmay_misc_feat_doors
D:2:      layout_loops_cross, minmay_hedge_maze
D:3:      layout_basic, zin_angel, doesnt_xom_only_xom, uniq_sigmund
